 Dungeon Crawl Stone Soup version 0.16.2-12-gd0ad4c3 (webtiles) character file.

154 dvd the Sneak (level 5, -8/36 HPs)
             Began as an Octopode Monk on Oct 22, 2015.
             Was a Believer of Qazlal.
             Killed by divine providence
             ... invoked by an orc priest
              (17 damage)
             ... on level 5 of the Dungeon.
             The game lasted 00:11:55 (3136 turns).

dvd the Sneak (Octopode Monk)                       Turns: 3136, Time: 00:11:56

Health: -8/36      AC:  1    Str: 12    XL:     5   Next: 36%
Magic:  5/5        EV: 13    Int: 12    God:    Qazlal [**....]
Gold:   140        SH:  2    Dex: 14    Spells: 0 memorised, 4 levels left

rFire  + . .     SeeInvis .       - Unarmed
rCold  x . .     Clarity  .     (no shield)
rNeg   . . .     SustAb   .     (helmet restricted)
rPois  .         Gourm    .     (no amulet)
rElec  .         Spirit   .     h - ring of fire
rCorr  .         Warding  .     (no ring)
rMut   .         Stasis   .     (no ring)
MR     .....                    (no ring)
Stlth  ++++......               (no ring)
                                (no ring)
                                (no ring)
                                (no ring)

@: not resistant to hostile enchantments, stealthy
A: almost no armour, amphibious, 8 rings, constrict 8, camouflage 1, gelatinous
body 1
a: Upheaval, Renounce Religion


You were on level 5 of the Dungeon.
You worshipped Qazlal.
Qazlal was pleased with you.
You were hungry.

You visited 2 branches of the dungeon, and saw 6 of its levels.

You collected 140 gold pieces.

Inventory:

Magical staves
 n - an uncursed staff of earth
Jewellery
 h - a ring of fire (left tentacle)
Scrolls
 d - 3 scrolls of enchant armour {unknown}
 g - 4 scrolls of identify {unknown}
 i - 4 scrolls of remove curse {unknown}
 l - 2 scrolls of random uselessness {unknown}
Potions
 a - 3 potions of curing
 e - 2 potions of ambrosia {unknown}
 f - 2 potions of haste {unknown}
 j - a potion of mutation {unknown}
 k - a potion of lignification {unknown}
Comestibles
 b - 4 bread rations
 c - a royal jelly
 m - 5 fruits


   Skills:
 + Level 3.6 Fighting
 + Level 3.6 Dodging
 + Level 5.0 Stealth
 + Level 4.8 Unarmed Combat


You had 4 spell levels left.
You didn't know any spells.

Dungeon Overview and Level Annotations

Branches:
Dungeon (5/15)             Temple (1/1) D:4

Altars:
Gozag
Kikubaaqudgha
Makhleb
Okawaru
Qazlal
Ru
Trog
Yredelemnul
The Shining One

Annotations:
D:4 Kharon's ghost, average DEWz


Innate Abilities, Weirdness & Mutations

You cannot wear most types of armour.
You are amphibious.
You can wear up to eight rings at the same time.
You can use your tentacles to constrict many enemies at once.
Your skin changes colour to match your surroundings (Stealth).
Your rubbery body absorbs attacks (AC +1).


Message History

* * * LOW HITPOINT WARNING * * *
The orc wizard mumbles some strange words.
The orc wizard flickers and vanishes!
Deactivating autopickup; reactivate with Ctrl-A.
You closely miss the orc priest. Your grab misses the orc priest.
The orc priest mumbles some strange prayers to Beogh against you.
You barely resist.
An orc wizard comes into view. It is wielding a dagger.
You tentacle-slap the orc priest. You grab the orc priest.
The orc priest is lightly wounded.
You constrict the orc priest. The orc priest closely misses you.
An orc comes into view. It is wielding a short sword.
The orc shouts!
You tentacle-slap the orc priest.
The orc priest is moderately wounded.
You constrict the orc priest, but do no damage.
The orc moves out of view.
The orc priest invokes the aid of Beogh against you.
Something smites you!
You die...

#.. . .. <...
..#####..(.#
............
..........#
#.. ......#
#.# #.....#
#.#
#ยง....###.
#@###<........
#.o...o.......
#####........
#.###.o.. #.#
... #.# . #.#
... ...


You could see an orc priest and an orc wizard.

Vanquished Creatures
  An iguana (D:5)
  2 worker ants
  2 adders
  A giant mite (D:3)
  4 worms
  A giant gecko (D:2)
  An ooze (D:3)
  3 orcs (D:3)
  2 giant cockroaches (D:1)
  4 hobgoblins
  2 jackals (D:2)
  A quokka (D:2)
  11 bats
  8 giant newts
  8 goblins
  7 kobolds
  6 rats
64 creatures vanquished.

Notes
Turn   | Place    | Note
--------------------------------------------------------------
     0 | D:1      | dvd, the Octopode Monk, began the quest for the Orb.
     0 | D:1      | Reached XP level 1. HP: 16/16 MP: 1/1
   161 | D:1      | Reached XP level 2. HP: 21/21 MP: 2/2
   876 | D:2      | Reached XP level 3. HP: 19/26 MP: 3/3
  1746 | D:2      | Reached XP level 4. HP: 28/31 MP: 4/4
  2169 | D:3      | Found a stormy altar of Qazlal.
  2178 | D:3      | Became a worshipper of Qazlal Stormbringer
  2178 | D:3      | Acquired Qazlal's first power
  2178 | D:3      | Acquired Qazlal's second power
  2496 | D:3      | Found a glowing golden altar of the Shining One.
  2854 | D:4      | Found a staircase to the Ecumenical Temple.
  2873 | Temple   | Entered the Ecumenical Temple
  3051 | D:4      | Noticed Kharon's ghost (average DEWz)
  3069 | D:5      | Entered Level 5 of the Dungeon
  3078 | D:5      | Reached XP level 5. HP: 8/36 MP: 5/5
  3080 | D:5      | HP: 1/36 [worker ant (7)]
  3087 | D:5      | Reached skill level 5 in Stealth
  3136 | D:5      | Killed from afar by an orc priest

Action                   |  1- 3 |  4- 6 || total
-------------------------+-------+-------++-------
Melee: Unarmed           |    69 |    71 ||   140
  Use: Potion            |       |     1 ||     1
 Stab: Sleeping          |    13 |     3 ||    16
       Distracted        |       |     1 ||     1
  Eat: Chunk             |     2 |     4 ||     6
